AoeStats
← Seaside Jack

Arabian Desert

510144918Analyzed
1v1 RM · 2d ago on Sep 29, 2026· 53m 20s· 2 players
Game mode
Random Map
Map size
Tiny (2 player)
Population
200
Speed
Normal
Resources
Standard
Victory
Conquest
Starting age
Dark Age
Ending age
Imperial Age
RankedLock teamsTeams togetherTeam positionsShared explorationLock speedFull tech treeHidden civsTurbo modeCheats
Victory
Defeat
🇬🇪 Ethiopians · Georgia
970
+16
🇭🇰 Wei · Hong Kong SAR China
962
-16
Seaside Jack
7:27 Loom
10:27 Feudal Age
12:06 Double-Bit Axe
13:23 Horse Collar
17:53 Fletching
20:25 Padded Archer Armor
21:52 Gold Mining
26:31 Castle Age
25:35 Stone Mining
26:25 Wheelbarrow
27:03 Elite Skirmisher
29:21 Hand Cart
30:43 Bodkin Arrow
31:41 Bow Saw
32:48 Ballistics
35:35 Thumb Ring
38:15 Gold Shaft Mining
38:54 Leather Archer Armor
40:27 Heavy Plow
45:19 Imperial Age
43:19 Forging
45:28 Iron Casting
45:07 Masonry
45:31 Husbandry
47:28 Bracer
49:30 Heavy Hei Guang Cavalry
52:12 Scale Barding Armor
51:58 Town Watch
53:00 Stone Shaft Mining
Pawua Zoro
9:48 Feudal Age
10:18 Loom
10:59 Double-Bit Axe
18:00 Fletching
21:59 Padded Archer Armor
24:39 Castle Age
25:17 Bodkin Arrow
25:38 Leather Archer Armor
25:56 Bow Saw
25:28 Horse Collar
25:15 Crossbowman
32:10 Thumb Ring
33:05 Wheelbarrow
34:55 Ballistics
37:12 Imperial Age
35:51 Gold Mining
35:51 Stone Mining
35:52 Elite Skirmisher
37:58 Bracer
38:28 Ring Archer Armor
37:20 Arbalester
39:39 Chemistry
39:03 Hand Cart
39:47 Stone Shaft Mining
39:15 Heavy Plow
41:37 Two-Man Saw
40:55 Murder Holes
47:09 Forging
47:04 Scale Barding Armor
47:46 Cavalier
48:26 Husbandry
49:02 Iron Casting
51:41 Chain Barding Armor
52:02 Town Watch
54:05 Blast Furnace
Connection lost

Rejoining the realm…

Still unreachable

The connection could not be restored.

Session expired

The server has moved on; the page needs a fresh start.